 Dungeon Crawl Stone Soup version 0.30-a0-576-g89cddaab80 (webtiles) character file.

Game seed: 102802513409718117

4118 bande the Cleaver (level 10, -10/61 HPs)
             Began as a Gargoyle Fighter on Dec 31, 2022.
             Was an Elder of Okawaru.
             Killed by divine providence
             ... invoked by an orc priest
              (13 damage)
             ... on level 8 of the Dungeon.
             The game lasted 00:13:36 (7896 turns).

bande the Cleaver (Gargoyle Fighter)                Turns: 7896, Time: 00:13:36

Health: -10/61     AC:  0    Str: 20    XL:     10   Next: 26%
Magic:  14/14      EV: 17    Int:  9    God:    Okawaru [****..]
Gold:   223        SH:  0    Dex: 18    Spells: 9/9 levels left

rFire   . . .      SeeInvis .    (weapon currently unavailable)
rCold   . . .      Faith    .    (shield currently unavailable)
rNeg    + . .      Spirit   .    (body armour currently unavailable)
rPois   ∞          Reflect  .    (helmet currently unavailable)
rElec   .          Harm     .    (cloak currently unavailable)
rCorr   .          Rampage  .    (gloves currently unavailable)
Will    .....                    (boots currently unavailable)
Stlth   ++                       (no amulet)
HPRegen 0.30/turn                (ring currently unavailable)
MPRegen 0.14/turn                (ring currently unavailable)

@: bat-form, flying, very quick
A: fast, flying, no casting, sickness immunity, AC +7, tiny, negative energy
resistance 1, (electricity resistance), torment resistance 1, petrification
resistance
a: Renounce Religion, Heroism, Finesse


You were on level 8 of the Dungeon.
You worshipped Okawaru.
Okawaru was greatly pleased with you.
You were a bat.
You visited 2 branches of the dungeon, and saw 9 of its levels.

You collected 407 gold pieces.
You spent 184 gold pieces at shops.

Inventory:

Hand Weapons
 v - a +0 morningstar
 H - a +0 broad axe
 I - a +0 broad axe of flaming (melded)
Missiles
 b - 2 throwing nets (quivered)
Armour
 c - a +0 buckler (melded)
 n - a +2 helmet (melded)
 E - a +0 plate armour (melded)
 G - a +0 pair of boots (melded)
Jewellery
 q - a ring of protection from fire
 r - a ring of positive energy
 s - a +5 ring of evasion (melded)
 t - a +4 ring of slaying (melded)
 y - a ring of fire
 F - a ring of fire
Wands
 e - a wand of light (8)
 m - a wand of flame (29)
 x - a wand of iceblast (6)
Scrolls
 g - 3 scrolls of poison
 h - 2 scrolls of amnesia
 i - 3 scrolls of silence
 j - a scroll of enchant armour
 o - 6 scrolls of teleportation
 D - a scroll of magic mapping
Potions
 d - a potion of might
 f - 2 potions of curing
 k - a potion of ambrosia {unknown}
 l - a potion of berserk rage
 p - a potion of brilliance
 u - a potion of heal wounds
 z - 2 potions of flight
 A - 2 potions of magic
 B - a potion of mutation {unknown}
 C - 2 potions of degeneration {unknown}


   Skills:
 + Level 6.5 Fighting
 + Level 8.8 Axes
 + Level 6.8 Armour
 + Level 5.1 Shields
 * Level 5.7 Invocations
 * Level 4.5 Evocations


You had 9 spell levels left.
You didn't know any spells.
Your spell library contained the following spells:

 Spells                   Type           Power      Damage    Failure   Level
 Necrotise                Necr           0%         1d4       38%         1
 Sting                    Tmut/Pois      0%         1d3       38%         1
 Blink                    Tloc           0%         N/A       52%         2
 Poisonous Vapours        Pois/Air       0%         N/A       52%         2
 Gell's Gravitas          Tloc           0%         N/A       77%         3
 Lesser Beckoning         Tloc           0%         N/A       77%         3
 Teleport Other           Tloc           0%         N/A       77%         3
 Vampiric Draining        Necr           0%         2d6       77%         3
 Manifold Assault         Tloc           0%         N/A       99%         4
 Olgreb's Toxic Radiance  Pois           0%         N/A       99%         4
 Agony                    Necr           0%         N/A       100%        5
 Storm Form               Tmut/Air       0%         N/A       100%        7
 Maxwell's Capacitive Co  Air            0%         ∞         100%        8
 Summon Lightning Spire   Summ/Air       Unusable   N/A       N/A         4

Dungeon Overview and Level Annotations

Branches:
Dungeon (8/15)             Temple (1/1) D:4
   Lair: D:8-11

Altars:
Ashenzari
Dithmenos
Elyvilon
Fedhas
Hepliaklqana
Kikubaaqudgha
Nemelex Xobeh
Okawaru
Qazlal
Ru
Sif Muna
Trog
Uskayaw
Vehumet
Wu Jian
Xom
Yredelemnul
Zin
The Shining One

Shops:
D:4 *   D:8 (

Annotations:
D:8 2 transporters


Innate Abilities, Weirdness & Mutations

You are a bat.
You are tiny and dextrous.
You move quickly.
You are flying.
Your equipment is almost entirely melded.
You are incapable of wielding weapons or throwing items.
You cannot cast spells.
You are immune to sickness and miasma.
((Your stone body is resilient. (AC +7)))
You are immune to poison.
You resist negative energy. (rN+)
((You are resistant to electric shocks. (rElec)))
You are resistant to unholy torment.
You are immune to petrification.


Message History

The orc warrior closely misses you.
You barely miss the orc warrior.
The orc warrior is lightly wounded.
The orc misses you.
You hit the orc warrior but do no damage.
The orc warrior is lightly wounded.
The orc misses you. The orc closely misses you.
The orc warrior closely misses you.
You hit the orc warrior.
The orc warrior is moderately wounded.
You hit the orc warrior but do no damage.
The orc warrior is moderately wounded.
The orc completely misses you. The orc misses you.
The orc priest mumbles some strange prayers to Beogh against you.
Beogh smites you! The orc warrior closely misses you.
You are too injured to fight recklessly!
You are too injured to fight recklessly!
You are too injured to fight recklessly!
You are too injured to fight recklessly!
You are too injured to fight recklessly!
You hit the orc warrior but do no damage.
The orc warrior is moderately wounded.
The orc hits you with a +0 flail! The orc barely misses you.
The orc priest calls upon Beogh to heal the orc warrior.
The orc warrior is healed somewhat.
You hear a shout!
Unknown command.
You hit the orc warrior but do no damage.
The orc warrior is lightly wounded.
The orc misses you. x2
The orc warrior hits you with a +2 heavy flail!
* * * LOW HITPOINT WARNING * * *
An orc comes into view. It is wielding a +1 dagger of venom.
Unknown command.
You hit the orc warrior but do no damage.
The orc warrior is lightly wounded.
The orc barely misses you. The orc closely misses you.
The orc priest mumbles some strange prayers to Beogh against you.
Beogh smites you!
You die...

##..####......#
.......................# ..#
..#.....#.#..####......#
...######............# ##......#
.....................###.....###
.... ..................#.....#
#..#####.#o....<........#.....#
.......#.......ooo.#..#.#.....#
.......#.#.....ob.....#.#.....#
.......#.#............#.#.....#
.......#.#.#..................#
.......#.# #..###.#..##.#.....#
.......#.# #..# #.#...#.#.....#
.......#.#.#..# #.##....#.....#
.......#.#.#..###....#..###.###
...........#.........#..# .#
..######.########....##... .#


You could see an orc warrior, an orc priest and 3 orcs.

Vanquished Creatures
  5 yaks (D:8)
  A wraith (D:7)
  A water moccasin (D:7)
  3 black bears
  4 ice beasts
  2 orc warriors
  A sky beast (D:7)
  3 ogres
  2 kobold brigands (D:7)
  3 bullfrogs
  5 scorpions
  3 necrophages
  4 wights (D:8)
  A howler monkey (D:6)
  3 jellies
  4 hounds
  A gnoll bouda (D:6)
  5 orc priests
  Jessica (D:3)
  Terence (D:3)
  6 iguanas
  5 orc wizards
  Robin (D:3)
  4 gnolls (D:6)
  3 adders
  A shadow imp (D:7)
  An ufetubus (D:5)
  A worm (D:3)
  6 dart slugs
  21 orcs
  6 ball pythons
  3 bats (D:2)
  3 endoplasms
  3 giant cockroaches
  15 goblins
  7 hobgoblins
  2 quokkas
  A frilled lizard (D:3)
  20 kobolds
  4 rats
166 creatures vanquished.

Vanquished Creatures (others)
  A hobgoblin (D:3)
1 creature vanquished.

Grand Total: 167 creatures vanquished

Notes
Turn   | Place    | Note
-------+----------+-------------------------------------------
     0 | D:1      | bande the Gargoyle Fighter began the quest for the Orb.
     0 | D:1      | Reached XP level 1. HP: 14/14 MP: 1/1
   486 | D:1      | Reached XP level 2. HP: 19/19 MP: 2/2
   587 | D:1      | Reached skill level 2 in Axes
   841 | D:2      | Reached XP level 3. HP: 22/24 MP: 3/3
  1707 | D:3      | Reached XP level 4. HP: 27/29 MP: 4/4
  1746 | D:3      | Noticed a necrophage
  1754 | D:3      | Killed a necrophage
  1755 | D:3      | Reached skill level 3 in Axes
  2009 | D:3      | Reached XP level 5. HP: 30/33 MP: 5/5
  2146 | D:3      | Noticed Jessica
  2153 | D:3      | Killed Jessica
  2428 | D:3      | Noticed Terence
  2445 | D:3      | Killed Terence
  2460 | D:3      | Noticed Robin
  2544 | D:3      | Killed Robin
  2991 | D:4      | Found a blossoming altar of Fedhas.
  3101 | D:4      | Found a staircase to the Ecumenical Temple.
  3111 | D:4      | Reached skill level 4 in Axes
  3111 | D:4      | Reached XP level 6. HP: 32/38 MP: 6/6
  3122 | Temple   | Entered the Ecumenical Temple
  3122 | Temple   | Found a transporter.
  3122 | Temple   | Found a transporter.
  3133 | Temple   | Found a transporter.
  3133 | Temple   | Found a transporter.
  3188 | Temple   | Became a worshipper of Warmaster Okawaru
  3245 | D:4      | Noticed a black bear
  3262 | D:4      | Killed a black bear
  3451 | D:4      | Found Nowuqum's Lightly-Used Armoury.
  3596 | D:4      | Noticed a black bear
  3603 | D:4      | Killed a black bear
  3604 | D:4      | Reached skill level 5 in Armour
  3604 | D:4      | Reached skill level 1 in Invocations
  3604 | D:4      | Reached skill level 1 in Evocations
  3798 | D:5      | Entered Level 5 of the Dungeon
  3820 | D:5      | Reached XP level 7. HP: 35/44 MP: 6/8
  4411 | D:5      | Reached skill level 5 in Axes
  4424 | D:5      | Reached * piety under Okawaru
  4539 | D:5      | Reached XP level 8. HP: 42/48 MP: 9/9
  4736 | D:5      | Found a stormy altar of Qazlal.
  4885 | D:6      | Reached skill level 5 in Fighting
  4940 | D:6      | Reached skill level 6 in Axes
  5054 | D:6      | Reached ** piety under Okawaru
  5425 | D:6      | Found a glowing golden altar of the Shining One.
  5478 | D:6      | Reached XP level 9. HP: 54/54 MP: 11/11
  5584 | D:6      | Reached skill level 7 in Axes
  5831 | D:6      | Identified the +0 plate armour of Foceoxi {rPois Slay+5}
  6020 | D:7      | Found a broken altar of Ashenzari.
  6114 | D:7      | Reached skill level 5 in Shields
  6548 | D:7      | Reached *** piety under Okawaru
  6722 | D:7      | Reached skill level 8 in Axes
  6722 | D:7      | Reached skill level 5 in Invocations
  7153 | D:8      | Reached XP level 10. HP: 60/60 MP: 12/14
  7230 | D:8      | Reached **** piety under Okawaru
  7715 | D:8      | Found a transporter.
  7716 | D:8      | Found a transporter.
  7717 | D:8      | Noticed a boulder beetle
  7833 | D:8      | Found Qousu's Weapon Shop.
  7841 | D:8      | Bought a +0 broad axe for 56 gold pieces
  7841 | D:8      | Bought a +0 broad axe of flaming for 128 gold pieces
  7895 | D:8      | HP: 3/61 [orc warrior/+2 heavy flail (17)]
  7896 | D:8      | Killed from afar by an orc priest

Illustrated notes

Levels and vault maps discovered:
D:1:      dpeg_arrival_castle, layout_basic, minmay_distorted
D:2:      layout_basic
D:3:      layout_loops_cross, uniq_robin, uniq_terence, uniq_jessica
D:4:      layout_loops_ring, fedhas_altar_1, minmay_temple_entry_glass,
          minmay_shop_damaged, amcnicky_mini_pool_small, corexii_hall_statues_i,
          minmay_misc_feat_rows
D:5:      nicolae_cairo_tiling_large_dashed, layout_rooms,
          kennysheep_little_box, moated_statue, nrook_loot_triangle,
          hangedman_decor_diamond_cutter
D:6:      layout_basic, tso_metal_star
D:7:      layout_basic, cheibrodos_ashenzari_chains
D:8:      gammafunk_boulding_lane, layout_basic, serial_shops,
          nicolae_square_shop
Temple:   hellmonk_temple_divided_pantheon

Skill      XL: |  1  2  3  4  5  6  7  8  9 |
---------------+----------------------------+-----
Axes           | 2 3 4 5 6 8 |  8.8
Armour         | 4 5 6 |  6.8
Fighting       | 4 5 6 |  6.5
Shields        | 4 5 |  5.1
Invocations    | 1 2 3 5 |  5.7
Evocations     | 1 2 3 4 |  4.5

Action                   |  1- 3 |  4- 6 |  7- 9 | 10-12 || total
-------------------------+-------+-------+-------+-------++-------
Melee: War axe           |    93 |   145 |   270 |    19 ||   527
       Unarmed           |       |       |       |    11 ||    11
  Use: Potion            |       |     1 |       |       ||     1
       Scroll            |       |    14 |     4 |       ||    18
Armor: Scale mail        |    32 |       |       |       ||    32
       Chain mail        |    23 |   102 |   131 |       ||   256
       Plate armour      |       |       |    23 |    16 ||    39
Dodge: Dodged            |    33 |   129 |   161 |    25 ||   348
Block: Buckler           |    20 |    43 |    71 |     5 ||   139

Table legend: (Time is in decaauts)
 A = Elapsed time spent in this place.
 B = Non-inter-level travel time spent in this place.
 C = Inter-level travel time spent in this place.
 D = Time resting spent in this place.
 E = Time spent auto-exploring this place.
 F = Levels seen in this place.
 G = Mean time per level.
                   A        B        C        D        E       F      G
               +--------+--------+--------+--------+--------+-----+--------+
         Total |   8059 |   7972 |     87 |   1594 |   4762 |   9 |  895.4 |
       Dungeon |   7977 |   7890 |     87 |   1594 |   4752 |   8 |  997.1 |
        Temple |     81 |     81 |      0 |      0 |     10 |   1 |   81.0 |
               +--------+--------+--------+--------+--------+-----+--------+

Top non-repeatable levels by time:
     D:3: 1324 daAuts
     D:6: 1129 daAuts
     D:7: 1092 daAuts
     D:5: 1089 daAuts
     D:2: 893 daAuts
     D:8: 859 daAuts
     D:1: 841 daAuts
     D:4: 748 daAuts
  Temple: 81 daAuts
